 Dungeon Crawl Stone Soup version 0.23-a0-87-g5f73bc1 (webtiles) character file.

184 HallandMoats the Skirmisher (level 5, -2/43 HPs)
             Began as a Mummy Monk on Aug 15, 2018.
             Was a Follower of Okawaru.
             Slain by Crazy Yiuf
             ... wielding a +3 quarterstaff of chaos
              (6 damage)
             ... on level 3 of the Dungeon.
             The game lasted 00:03:33 (3868 turns).

HallandMoats the Skirmisher (Mummy Monk)            Turns: 3868, Time: 00:03:33

Health: -2/43      AC:  6    Str: 16    XL:     5   Next: 36%
Magic:  0/5        EV: 11    Int: 12    God:    Okawaru [*.....]
Gold:   157        SH:  0    Dex: 14    Spells: 4/4 levels left

rFire    x . .     SeeInvis .   a - +0 falchion
rCold    + . .     Gourm    .   (no shield)
rNeg     + + +     Faith    .   i - +0 ring mail
rPois    ∞         Spirit   .   (no helmet)
rElec    .         Reflect  .   (no cloak)
rCorr    .         Harm     .   h - +0 pair of gloves
MR       .....                  (no boots)
Stlth    +.........             (no amulet)
HPRegen  0.14/turn              g - +3 ring of intelligence
MPRegen  0.09/turn              (no ring)

@: no status effects
A: no food or potions, fire vulnerability, cold resistance 1, negative energy
resistance 3, torment resistance, unbreathing
a: Heroism, Renounce Religion


You were on level 3 of the Dungeon.
You worshipped Okawaru.
Okawaru was aware of your devotion.
You were not hungry.

You visited 1 branch of the dungeon, and saw 3 of its levels.

You collected 157 gold pieces.

Inventory:

Hand Weapons
 a - a +0 falchion (weapon)
Armour
 h - a +0 pair of gloves (worn)
 i - a +0 ring mail (worn)
Jewellery
 g - a +3 ring of intelligence (left hand)
 j - a +3 ring of dexterity {unknown}
 l - a +3 ring of intelligence
Scrolls
 b - a scroll of enchant weapon {unknown}
 c - 2 scrolls of enchant armour {unknown}
 d - 3 scrolls of teleportation {unknown}
 e - 2 scrolls of identify {unknown}
 f - 3 scrolls of remove curse {unknown}
 k - a scroll of fog {unknown}


   Skills:
 * Level 4.8 Fighting
 * Level 3.9 Long Blades
 - Level 2.4 Dodging
 - Level 1.5 Stealth


You had 4 spell levels left.
You didn't know any spells.
Your spell library was empty.

Dungeon Overview and Level Annotations

Branches:
Dungeon (3/15)

Altars:
Gozag
Okawaru
Uskayaw

Annotations:
D:3 Crazy Yiuf


Innate Abilities, Weirdness & Mutations

You do not eat or drink.
Your flesh is vulnerable to fire.
You are immune to poison.
Your flesh is cold resistant. (rC+)
You are immune to negative energy. (rN+++)
You are immune to unholy pain and torment.
You can survive without breathing.


Message History

You convulse!
You hit Crazy Yiuf but do no damage.
Crazy Yiuf is moderately wounded.
Crazy Yiuf hits you but does no damage.
You hit Crazy Yiuf.
Crazy Yiuf is moderately wounded.
Crazy Yiuf hits you with a quarterstaff of chaos!
* * * LOW HITPOINT WARNING * * *
You feel your power leaking away.
You don't have enough magic at the moment.
You barely miss Crazy Yiuf.
Crazy Yiuf is moderately wounded.
Crazy Yiuf says, "Whippet toodlewoodle head!"
Crazy Yiuf closely misses you.
You riposte.
Your ring mail prevents you from hitting Crazy Yiuf.
Crazy Yiuf is moderately wounded.
You hit Crazy Yiuf but do no damage.
Crazy Yiuf is moderately wounded.
Crazy Yiuf hits you with a quarterstaff of chaos.
You die...

##...######.######.# #.#
.....# #.# #.# #.#
##..## ### ### ### #.#
#..# #.# ##.# #..####
#.# #..# #.....# ####
♣♣##.####.## #...###
#)..#♣♣ ♣♣.#.......#
#...#
#...'.♣♣♣♣.P....##.)#
#...#
#...#♣g@♣......###..####
#...### #### ♣♣♣.♣..#.##
#...... #.....# ♣♣♣♣♣###
##.#### ###.#.## #.#
...###.##
###############.# ..##
##.# #...............#
##.###.##
#################
##.#.## ##.##


You could see Crazy Yiuf.

Vanquished Creatures
  An orc priest (D:3)
  Terence (D:2)
  6 adders (D:2)
  2 oozes (D:1)
  2 worms
  A dart slug (D:2)
  A leopard gecko (D:3)
  5 orcs
  4 giant cockroaches
  11 goblins
  5 hobgoblins
  2 jackals (D:2)
  5 kobolds
  6 bats
  3 rats
55 creatures vanquished.

Notes
Turn   | Place    | Note
-------+----------+-------------------------------------------
     0 | D:1      | HallandMoats the Mummy Monk began the quest for the Orb.
     0 | D:1      | Reached XP level 1. HP: 18/18 MP: 1/1
   284 | D:1      | Reached XP level 2. HP: 13/24 MP: 2/2
  1014 | D:2      | Reached XP level 3. HP: 29/29 MP: 3/3
  1169 | D:2      | Reached skill level 4 in Fighting
  1265 | D:2      | Reached XP level 4. HP: 31/37 MP: 4/4
  1652 | D:2      | Noticed Terence
  1672 | D:2      | Killed Terence
  1929 | D:2      | Found an opulent altar of Gozag.
  2052 | D:2      | Found an iron altar of Okawaru.
  2166 | D:2      | Became a worshipper of Warmaster Okawaru
  2166 | D:2      | Reached * piety under Okawaru
  2166 | D:2      | Reached ** piety under Okawaru
  2439 | D:3      | Found a hide-covered altar of Uskayaw.
  2440 | D:3      | Noticed a dagger
  2440 | D:3      | Noticed a dagger
  2469 | D:3      | Reached XP level 5. HP: 17/43 MP: 5/5
  3720 | D:3      | Found a runed door.
  3778 | D:3      | Noticed Crazy Yiuf
  3868 | D:3      | Slain by Crazy Yiuf

Vault maps used:
D:1:      dpeg_arrival_water_temple_mockup
D:2:      lemuel_round_altar, first_ration, kennysheep_okawaru_gauntlet,
          uniq_terence
D:3:      dancing_weapons_uskayaw, uniq_crazy_yiuf_cottage

Skill      XL: |  1  2  3 |
---------------+----------+-----
Long Blades    | 3 |  3.9
Fighting       | 4 |  4.8
Dodging        | |  2.4
Stealth        | |  1.5

Action                   |  1- 3 |  4- 6 || total
-------------------------+-------+-------++-------
Melee: Falchion          |    62 |   152 ||   214
Invok: Heroism           |       |     2 ||     2
 Stab: Sleeping          |     4 |     1 ||     5
Armor: Leather armour    |    12 |     7 ||    19
       Robe              |     7 |       ||     7
       Ring mail         |       |    24 ||    24
Dodge: Dodged            |    58 |   106 ||   164
       Rpst.: Falchion   |    28 |    29 ||    57

Table legend:
 A = Non-vault XP
 B = Vault XP
 C = Vault XP percentage of total XP
 D = Non-vault monster count
 E = Vault monster count
 F = Vault count percentage of total count
 G = Total turns spent on level
                 A         B        C        D         E       F
            +---------+---------+-------+---------+---------+-------
      Total |     227 |      36 |  13.7 |      54 |       1 |   1.8
            +---------+---------+-------+---------+---------+-------
        D:1 |      37 |       0 |   0.0 |      17 |       0 |   0.0
        D:2 |     117 |      36 |  23.5 |      24 |       1 |   4.0
        D:3 |      73 |       0 |   0.0 |      13 |       0 |   0.0
            +---------+---------+-------+---------+---------+-------
